 Dungeon Crawl Stone Soup version 0.28-a0-843-gb979743d38 (webtiles) character file.

Game seed: 15479430921979487768

3881 MirrMurr the Covert (level 10, -1/49 HPs)
             Began as a Spriggan Enchanter on Nov 12, 2021.
             Was an Initiate of Dithmenos.
             Slain by a yak (9 damage)
             ... on level 8 of the Dungeon.
             The game lasted 00:25:48 (13936 turns).

MirrMurr the Covert (Spriggan Enchanter)           Turns: 13936, Time: 00:25:49

Health: -1/49      AC:  2    Str:  7    XL:     10   Next: 0%
Magic:  13/17      EV: 21    Int: 17    God:    Dithmenos [......]
Gold:   302        SH:  7    Dex: 16    Spells: 4/17 levels left

rFire   . . .      SeeInvis +   a - +3 dagger (venom)
rCold   . . .      Faith    .   g - +0 buckler
rNeg    + . .      Spirit   .   i - +0 robe {rN+}
rPois   .          Reflect  .   (helmet restricted)
rElec   .          Harm     .   (no cloak)
rCorr   .          Rampage  .   (gloves unavailable)
Will    +....                   (boots unavailable)
Stlth   ++++......              (no amulet)
HPRegen 0.16/turn               (no ring)
MPRegen 0.15/turn               (no ring)

@: very quick
A: very small, no large weapons, unfitting armour, see invisible, speed 3
a: Renounce Religion


You were on level 8 of the Dungeon.
You worshipped Dithmenos.
Dithmenos was noncommittal.
You visited 2 branches of the dungeon, and saw 9 of its levels.
You also visited: Sewer.

You collected 302 gold pieces.

Inventory:

Hand Weapons
 a - a +3 dagger of venom (weapon)
 l - a +2 dagger of venom
 w - a +0 rapier
 A - a +1 dagger of electrocution
 C - the +6 falchion "Zafynedi" {vorpal, rPois Int+4}
   (You found it on level 6 of the Dungeon)

   It inflicts extra damage upon your enemies.
   Int:       It affects your intelligence (+4).
   rPois:     It protects you from poison.
Missiles
 d - 222 stones (quivered)
 x - 5 boomerangs
 z - 12 poisoned darts
 E - a throwing net
Armour
 b - a +1 robe
 g - a +0 buckler (worn)
 i - a +0 robe of positive energy (worn)
Jewellery
 q - an amulet of magic regeneration
 v - a ring of positive energy
 y - a ring of positive energy
Wands
 o - a wand of flame (41)
 t - a wand of digging (6)
Scrolls
 f - 3 scrolls of enchant armour
 p - 5 scrolls of teleportation
 D - a scroll of enchant weapon
 F - 2 scrolls of magic mapping
 G - a scroll of immolation {unknown}
Potions
 c - 3 potions of invisibility
 e - a potion of heal wounds
 h - a potion of might {unknown}
 j - 2 potions of magic
 k - a potion of berserk rage {unknown}
 m - 5 potions of curing
 n - 2 potions of brilliance {unknown}
 r - 2 potions of attraction {unknown}
 s - 2 potions of ambrosia {unknown}
 u - a potion of cancellation {unknown}
 B - a potion of haste


   Skills:
 - Level 4.0 Fighting
 - Level 5.0 Short Blades
 - Level 8.0 Dodging
 - Level 8.0 Stealth
 + Level 6.2 Shields
 - Level 4.0 Spellcasting
 - Level 8.0 Hexes


You had 4 spell levels left.
You knew the following spells:

 Your Spells              Type           Power      Damage    Failure   Level
a - Ensorcelled Hibernat  Hex/Ice        34%        N/A       4%          2
b - Confusing Touch       Hex            30%        N/A       1%          3
c - Tukima's Dance        Hex            30%        N/A       1%          3
d - Dazzling Flash        Conj/Hex       34%        N/A       10%         3
e - Passwall              Tmut/Erth      2%         N/A       26%         2

Your spell library contained the following spells:

 Spells                   Type           Power      Damage    Failure   Level
 Summon Guardian Golem    Hex/Summ       17%        N/A       10%         3
 Magic Dart               Conj           12%        1d3       17%         1
 Summon Small Mammal      Summ           12%        N/A       17%         1
 Call Imp                 Summ           3%         N/A       26%         2
 Call Canine Familiar     Summ           3%         N/A       45%         3
 Mephitic Cloud           Conj/Pois/Air  3%         N/A       45%         3
 Swiftness                Air            3%         N/A       45%         3


Dungeon Overview and Level Annotations

Branches:
Dungeon (8/15)             Temple (1/1) D:7           Sewer (visited)
   Lair: D:8-11

Altars:
Cheibriados
Dithmenos
Elyvilon
Fedhas
Gozag
Hepliaklqana
Makhleb
Nemelex Xobeh
Okawaru
Qazlal
Ru
Sif Muna
Uskayaw
Wu Jian
Xom
Yredelemnul
Zin
The Shining One

Shops:
D:5 [

Annotations:
D:8 Maggie, Psyche


Innate Abilities, Weirdness & Mutations

You are very small and have problems with some larger weapons.
You are too small for most types of armour.
You have supernaturally acute eyesight. (SInv)
You cover ground extremely quickly. (Speed+++)


Message History

The poisoned dart closely misses you. The yak gores you!
You hit the yak.
The yak is lightly wounded.
The yak closely misses you.
You hit the yak but do no damage.
The yak looks as sick as possible!
The yak is lightly wounded.
The yak barely misses you. The yak gores you!
You hit the yak.
The yak looks as sick as possible!
The yak is lightly wounded.
You block the yak's attack.
You hit the yak.
The yak looks as sick as possible!
The yak is moderately wounded.
The yak gores you!
* * * LOW HITPOINT WARNING * * *
The yak barely misses you.
You hit the yak.
The yak looks as sick as possible!
The yak is moderately wounded.
The yak gores you.
* * * LOW HITPOINT WARNING * * *
You block the yak's attack.
Unknown command.
Unknown command.
You feel much better. The yak gores you! You block the yak's attack.
You hit the yak.
The yak looks as sick as possible!
The yak is moderately wounded.
The yak closely misses you.
You hit the yak.
The yak is heavily wounded.
The yak misses you.
You hit the yak but do no damage.
The yak is severely wounded.
The yak barely misses you. You block the yak's attack.
You hit the yak but do no damage.
The yak is severely wounded.
You block the yak's attack. The yak gores you!
* * * LOW HITPOINT WARNING * * *
You hit the yak.
The yak looks as sick as possible!
The yak is severely wounded.
The yak gores you!
You die...

. #.......[............
#.#...#..####..).......
#.#......# ####.......
#........## ########
#....#....#
#..#.#.#..###
#...........#
#.#..#Y###...# #.##KY@#
..### #. #...K###!###
#.########......#
#...........##.... #
#.........Y.# .. #.
#.......K...# #..
#!.....$.K..# ##..##
#...........# #.....#
#ยง<.......>.# #......


You could see 2 yaks, a kobold brigand and a kobold.

Vanquished Creatures
  Grinder (D:4)
  Prince Ribbit (D:6)
  Sigmund (D:6)
  A yak (D:8)
  3 ice beasts
  4 sky beasts
  2 ogres
  An orc warrior (D:7)
  A centaur (D:5)
  A kobold brigand (D:6)
  A phantom (D:4)
  A gnoll sergeant (D:6)
  A wyvern zombie (D:7)
  4 scorpions
  A water moccasin skeleton (D:5)
  4 jellies
  5 killer bees (D:8)
  A wight (D:8)
  A howler monkey (D:4)
  A centaur zombie (D:6)
  2 bullfrog zombies
  3 orc priests
  2 hounds (D:4)
  A centaur skeleton (D:5)
  A bullfrog skeleton (D:6)
  5 iguanas
  6 orc wizards
  3 killer bee zombies
  2 hound skeletons (D:4)
  7 adders
  10 gnolls
  3 white imps
  An ufetubus (D:6)
  An adder skeleton (D:4)
  2 dart slugs
  24 orcs
  3 bats
  5 endoplasms
  6 giant cockroaches
  10 goblins
  4 hobgoblins
  7 jackals
  19 kobolds
  2 quokkas
  7 ball pythons
  3 frilled lizards (Sewer)
  9 rats
184 creatures vanquished.

Vanquished Creatures (collateral kills)
  4 wights (D:8)
  Robin (D:4)
  5 gnolls
10 creatures vanquished.

Vanquished Creatures (others)
  A dancing weapon (D:4)
  45 plants
46 creatures vanquished.

Grand Total: 240 creatures vanquished

Notes
Turn   | Place    | Note
-------+----------+-------------------------------------------
     0 | D:1      | MirrMurr the Spriggan Enchanter began the quest for the
                  | Orb.
     0 | D:1      | Reached XP level 1. HP: 9/9 MP: 5/5
   485 | D:1      | Reached XP level 2. HP: 8/13 MP: 6/6
   488 | D:1      | Learned a level 2 spell: Ensorcelled Hibernation
   794 | D:1      | Reached skill level 5 in Stealth
  2162 | D:2      | Reached XP level 3. HP: 6/16 MP: 2/8
  2166 | D:2      | Learned a level 3 spell: Confusing Touch
  2865 | D:2      | Found a faded altar of an unknown god.
  3585 | D:3      | Reached XP level 4. HP: 20/21 MP: 4/9
  4235 | D:3      | Reached XP level 5. HP: 23/24 MP: 7/10
  4276 | D:3      | Learned a level 3 spell: Tukima's Dance
  5775 | D:4      | Reached XP level 6. HP: 28/28 MP: 8/11
  5786 | D:4      | Found a shimmering blue altar of Sif Muna.
  5941 | D:4      | Reached skill level 5 in Short Blades
  6017 | D:4      | Noticed Grinder
  6019 | D:4      | Killed Grinder
  6020 | D:4      | Reached skill level 5 in Hexes
  6073 | D:4      | Reached XP level 7. HP: 31/32 MP: 5/13
  6396 | D:4      | Noticed Robin
  6972 | D:4      | Killed Robin
  7452 | D:4      | Learned a level 3 spell: Dazzling Flash
  7455 | D:4      | Learned a level 2 spell: Passwall
  7526 | D:5      | Entered Level 5 of the Dungeon
  7545 | D:5      | Reached skill level 1 in Fighting
  7545 | D:5      | Reached XP level 8. HP: 37/37 MP: 15/15
  7957 | D:5      | Reached skill level 1 in Shields
  8391 | D:5      | Identified the +1 robe of Pessimism {Contam rElec Dex+7}
  8462 | D:5      | Found a shimmering altar of Xom.
  8465 | D:5      | Reached skill level 5 in Dodging
  8718 | D:5      | Found Goxicleh's Antique Armour Shop.
  9374 | D:6      | Found an opulent altar of Gozag.
  9449 | D:6      | Noticed Sigmund
  9456 | D:6      | Killed Sigmund
  9474 | D:6      | Identified the +3 hunting sling "Dairuxt" {vorpal, rF+
                  | Str+5 Int-5 Dex-4}
  9491 | D:6      | Noticed Prince Ribbit
  9494 | D:6      | Found a glowing drain.
  9497 | D:6      | Killed Prince Ribbit
  9498 | D:6      | Reached XP level 9. HP: 15/45 MP: 16/16
  9504 | Sewer    | Entered a sewer
 10838 | D:6      | Identified the +6 falchion "Zafynedi" {vorpal, rPois Int+4}
 11864 | D:7      | Found a staircase to the Ecumenical Temple.
 11886 | Temple   | Entered the Ecumenical Temple
 11991 | Temple   | Became a worshipper of Dithmenos the Shadowed
 12286 | D:7      | Reached skill level 5 in Shields
 12351 | D:7      | Found a sacrificial altar of Ru.
 12581 | D:7      | Found a burning altar of Makhleb.
 12932 | D:8      | Noticed a two-headed ogre
 13109 | D:8      | Noticed Psyche
 13356 | D:8      | Found a hide-covered altar of Uskayaw.
 13678 | D:8      | Noticed Maggie
 13914 | D:8      | Reached XP level 10. HP: 47/49 MP: 14/17
 13930 | D:8      | HP: 1/49 [yak (6)]
 13936 | D:8      | Slain by a yak

Illustrated notes

Levels and vault maps discovered:
D:1:      dpeg_arrival_signposts, layout_basic
D:2:      layout_basic, shapermc_ecumenical_altar_hornbeckon
D:3:      minmay_door_path, layout_rooms
D:4:      minmay_chambers_of_threes, layout_loops_ring, lemuel_blue_sif_altar,
          uniq_grinder, uniq_robin
D:5:      layout_basic, lemuel_tele_altar, serial_shops, shop
D:6:      layout_loops_ring, mainiacjoe_overflow_alcove_2,
          cheibrodos_sewer_entry_drain, uniq_prince_ribbit1, uniq_sigmund
D:7:      layout_rooms, lemuel_round_altar, mainiacjoe_overflow_cross_hatched,
          minmay_temple_entry_overgrown
D:8:      kennysheep_spiral_hall, layout_basic, amcnicky_altar_gilded,
          enter_bailey_3, serial_bayou_lagoon_a, minmay_door_square, uniq_pikel,
          uniq_maggie, uniq_psyche
Temple:   minmay_temple_forest_path

Skill      XL: |  1  2  3  4  5  6  7  8  9 |
---------------+----------------------------+-----
Stealth        | 5 6 7 8 |  8.0
Short Blades   | 2 3 4 5 |  5.0
Spellcasting   | 3 4 |  4.0
Hexes          | 5 8 |  8.0
Dodging        | 3 7 8 |  8.0
Fighting       | 1 3 4 |  4.0
Shields        | 2 6 |  6.2

Action                   |  1- 3 |  4- 6 |  7- 9 | 10-12 || total
-------------------------+-------+-------+-------+-------++-------
Melee: Dagger            |    86 |    70 |   499 |    11 ||   666
 Cast: Ensorcelled Hiber |    18 |    43 |    56 |     2 ||   119
       Tukima's Dance    |       |     5 |    15 |       ||    20
       Confusing Touch   |       |       |    24 |       ||    24
  Use: Scroll            |       |     7 |     6 |       ||    13
       Potion            |       |       |       |     1 ||     1
 Stab: Sleeping          |    17 |    20 |    30 |       ||    67
       Confused          |       |       |    24 |       ||    24
       Distracted        |       |       |     2 |       ||     2
Armor: Robe              |     6 |     3 |    27 |       ||    36
Dodge: Dodged            |    53 |    52 |   320 |     9 ||   434
Block: Buckler           |       |       |   102 |     6 ||   108

Table legend: (Time is in decaauts)
 A = Elapsed time spent in this place.
 B = Non-inter-level travel time spent in this place.
 C = Inter-level travel time spent in this place.
 D = Time resting spent in this place.
 E = Time spent auto-exploring this place.
 F = Levels seen in this place.
 G = Mean time per level.
                   A        B        C        D        E       F      G
               +--------+--------+--------+--------+--------+-----+--------+
         Total |  11293 |  10846 |    447 |    607 |   8284 |  10 | 1129.3 |
       Dungeon |  10346 |   9924 |    422 |    607 |   7560 |   8 | 1293.2 |
        Temple |    197 |    173 |     24 |      0 |    160 |   1 |  197.0 |
         Sewer |    750 |    750 |      0 |      0 |    563 |   1 |  750.0 |
               +--------+--------+--------+--------+--------+-----+--------+

Top non-repeatable levels by time:
     D:2: 2040 daAuts
     D:7: 1613 daAuts
     D:3: 1538 daAuts
     D:5: 1344 daAuts
     D:1: 1336 daAuts
     D:4: 1115 daAuts
     D:6: 1066 daAuts
   Sewer: 750 daAuts
     D:8: 291 daAuts
  Temple: 197 daAuts
